AoeStats
← martinignacio

Black Forest

510024908Analyzed
4v4 RM · 3d ago on Sep 29, 2026· 50m 29s· 8 players
Game mode
Random Map
Map size
Large (8 player)
Population
200
Speed
Normal
Resources
Standard
Victory
Conquest
Starting age
Dark Age
Ending age
Imperial Age
RankedLock teamsTeams togetherTeam positionsShared explorationLock speedFull tech treeHidden civsTurbo modeCheats
Victory
Defeat
🇨🇳 Persians · China
976
+9
🇲🇽 Jurchens · Mexico
970
+9
🇨🇱 Bohemians · Chile
840
+14
🇨🇷 Goths · Costa Rica
646
+23
🇲🇽 Teutons · Mexico
886
-17
🇧🇷 Burgundians · Brazil
816
-14
🇺🇸 Mongols · United States
789
-13
🇹🇷 Poles · Türkiye
733
-11
thongvipusa1
1:07 Loom
17:47 Feudal Age
27:17 Wheelbarrow
29:47 Horse Collar
29:55 Double-Bit Axe
31:53 Gold Mining
31:54 Stone Mining
33:16 Padded Archer Armor
33:07 Fletching
33:30 Scale Barding Armor
33:26 Scale Mail Armor
33:37 Forging
35:51 Castle Age
37:30 Gold Shaft Mining
37:30 Stone Shaft Mining
40:04 Chain Barding Armor
40:19 Iron Casting
40:00 Chain Mail Armor
40:53 Hand Cart
47:18 Imperial Age
45:48 Bow Saw
JUANITO_METEORO
1:34 Loom
12:47 Feudal Age
15:33 Man-at-Arms
16:56 Horse Collar
19:33 Wheelbarrow
24:19 Castle Age
22:13 Double-Bit Axe
22:42 Fletching
22:47 Town Watch
31:23 Fortified Wall
33:49 Imperial Age
31:37 Bow Saw
31:07 Long Swordsman
31:32 Gambesons
31:34 Arson
31:49 Squires
31:10 Pikeman
33:48 Padded Archer Armor
33:44 Bodkin Arrow
33:59 Forging
33:50 Scale Mail Armor
33:56 Scale Barding Armor
33:49 Guard Tower
34:11 Two-Handed Swordsman
37:55 Bloodlines
37:06 Cavalier
38:56 Two-Man Saw
38:44 Heavy Plow
38:42 Gold Mining
38:43 Stone Mining
40:42 Leather Archer Armor
40:42 Chain Mail Armor
41:03 Iron Casting
41:39 Halberdier
45:03 Champion
jenksulivan
0:27 Loom
14:36 Feudal Age
18:11 Castle Age
18:36 Wheelbarrow
17:50 Double-Bit Axe
23:22 Bow Saw
32:21 Imperial Age
32:39 Gold Mining
32:40 Stone Mining
34:32 Chemistry
33:18 Arrowslits
33:50 Hand Cart
33:10 Pikeman
33:51 Squires
33:11 Man-at-Arms
34:10 Husbandry
33:30 Cavalier
33:30 Light Cavalry
34:18 Scale Barding Armor
34:55 Halberdier
35:21 Arson
35:33 Paladin
35:35 Light Cavalry
36:57 Chain Barding Armor
36:48 Forging
37:08 Hussar
37:19 Long Swordsman
38:41 Plate Barding Armor
39:59 Gold Shaft Mining
40:00 Stone Shaft Mining
40:15 Two-Handed Swordsman
41:21 Scale Mail Armor
41:57 Iron Casting
47:15 Blast Furnace
46:30 Chain Mail Armor
45:48 Two-Handed Swordsman
massanka21
0:27 Loom
16:21 Feudal Age
17:06 Double-Bit Axe
17:05 Horse Collar
18:33 Wheelbarrow
23:07 Castle Age
21:21 Stone Mining
21:23 Fishing Lines
21:59 Fletching
24:50 Bow Saw
26:57 Gillnets
27:36 Bodkin Arrow
27:41 Padded Archer Armor
27:47 Heavy Plow
28:02 Heavy Plow
32:41 Imperial Age
31:07 Caravan
32:47 Hand Cart
33:45 Stone Shaft Mining
33:01 Gold Mining
33:34 Scale Barding Armor
33:40 Forging
33:44 Treadmill Crane
34:07 Bracer
35:21 Bloodlines
35:12 Husbandry
34:32 Cavalier
34:46 Cavalier
36:38 Conscription
37:07 Light Cavalry
38:09 Chain Barding Armor
38:24 Iron Casting
40:08 Lechitic Legacy
40:09 Szlachta Privileges
41:20 Blast Furnace
42:35 Ballistics
42:26 Masonry
42:12 Murder Holes
42:04 Arrowslits
42:36 Scale Mail Armor
42:13 Winged Hussar
43:46 Pikeman
44:26 Squires
44:12 Arson
McLain40
0:48 Loom
14:42 Feudal Age
17:16 Double-Bit Axe
Bobuster
0:26 Loom
11:53 Feudal Age
16:57 Castle Age
16:40 Wheelbarrow
17:17 Horse Collar
17:58 Heavy Plow
30:31 Imperial Age
28:39 Hand Cart
28:10 Town Watch
29:01 Double-Bit Axe
30:37 Stone Mining
30:41 Gold Mining
31:53 Town Patrol
33:28 Chemistry
32:54 Scale Mail Armor
33:05 Forging
34:58 Chain Mail Armor
35:18 Iron Casting
36:31 Perfusion
36:34 Anarchy
36:30 Pikeman
37:47 Squires
37:08 Halberdier
38:56 Conscription
41:11 Blast Furnace
41:36 Fletching
44:26 Man-at-Arms
48:11 Bodkin Arrow
50:02 Bracer
50:13 Guilds
50:04 Caravan
HwYe
10:01 Feudal Age
10:25 Double-Bit Axe
15:26 Loom
17:49 Castle Age
15:59 Gold Mining
15:52 Horse Collar
16:16 Stone Mining
19:14 Bow Saw
29:27 Wheelbarrow
30:29 Squires
30:14 Arson
29:50 Pikeman
31:12 Heavy Plow
31:19 Scale Barding Armor
31:25 Forging
31:53 Hand Cart
31:24 Town Watch
32:40 Thumb Ring
31:56 Crossbowman
32:48 Devotion
33:26 Iron Casting
33:12 Chain Barding Armor
35:55 Imperial Age
34:49 Ballistics
34:25 Murder Holes
34:55 Kamandaran
35:06 Town Patrol
37:19 Conscription
36:21 Halberdier
38:15 Chemistry
37:26 Masonry
38:19 Blast Furnace
37:55 Plate Barding Armor
37:21 Padded Archer Armor
37:14 Elite Skirmisher
38:59 Two-Man Saw
38:19 Gambesons
39:33 Caravan
40:20 Hoardings
41:18 Elite War Elephant
44:04 Leather Archer Armor
43:40 Fletching
47:17 Gold Shaft Mining
47:17 Stone Shaft Mining
47:06 Faith
47:18 Crop Rotation
49:04 Bodkin Arrow
49:39 Ring Archer Armor
49:42 Architecture
martinignacio
0:59 Loom
15:37 Feudal Age
21:35 Horse Collar
24:11 Castle Age
22:05 Double-Bit Axe
26:14 Wheelbarrow
25:56 Heavy Plow
27:22 Bow Saw
30:32 Chemistry
33:43 Imperial Age
31:02 Town Watch
32:09 Caravan
33:20 Hand Cart
33:47 Fletching
37:09 Bodkin Arrow
38:17 Ballistics
38:27 Bracer
42:53 Houfnice
46:52 Elite Hussite Wagon
50:03 Siege Engineers
Connection lost

Rejoining the realm…

Still unreachable

The connection could not be restored.

Session expired

The server has moved on; the page needs a fresh start.